 Dungeon Crawl Stone Soup version 0.27-a0-522-g46bbb28828 (webtiles) character file.

Game seed: 14342822552029401016

336 Anon1729 the Skirmisher (level 6, -2/53 HPs)
             Began as a Ghoul Fighter on Mar 6, 2021.
             Slain by an ogre
             ... wielding a +0 giant club
              (12 damage)
             ... on level 4 of the Dungeon.
             The game lasted 00:02:51 (3729 turns).

Anon1729 the Skirmisher (Ghoul Fighter)             Turns: 3729, Time: 00:02:52

Health: -2/53      AC:  8    Str: 21    XL:     6   Next: 54%
Magic:  5/5        EV:  7    Int:  4    God:
Gold:   377        SH:  9    Dex:  8    Spells: 5/5 levels left

rFire    . . .     SeeInvis .   a - +0 war axe
rCold    + + .     Faith    .   c - +0 kite shield
rNeg     + + +     Spirit   .   h - +0 scale mail {rC+}
rPois    ∞         Reflect  .   (no helmet)
rElec    .         Harm     .   g - +0 cloak
rCorr    .         Rampage  .   (no gloves)
Will     .....                  (no boots)
Stlth    ..........             (no amulet)
HPRegen  0.00/turn              (no ring)
MPRegen  0.09/turn              (no ring)

@: no status effects
A: claws 1, cold resistance 1, negative energy resistance 3, inhibited
regeneration, torment resistance, unbreathing 1
a: no special abilities


You were on level 4 of the Dungeon.
You visited 1 branch of the dungeon, and saw 4 of its levels.
You also visited: Sewer.

You collected 377 gold pieces.

Inventory:

Hand Weapons
 a - a +0 war axe (weapon)
Armour
 b - a +0 scale mail
 c - a +0 kite shield (worn)
 g - a +0 cloak (worn)
 h - a +0 scale mail of cold resistance (worn)
 s - a +0 buckler
Wands
 u - a wand of paralysis (11)
Scrolls
 f - a scroll of enchant weapon {unknown}
 j - 7 scrolls of teleportation {unknown}
 k - 6 scrolls of identify {unknown}
 l - a scroll of noise {unknown}
 m - 2 scrolls of fog {unknown}
 p - a scroll of immolation {unknown}
Potions
 d - 3 potions of might
 e - a potion of heal wounds {unknown}
 i - 3 potions of curing {unknown}
 n - 3 potions of flight
 o - a potion of mutation {unknown}
 q - a potion of resistance {unknown}
 r - a potion of degeneration {unknown}
 t - a potion of haste {unknown}


   Skills:
 + Level 4.5 Fighting
 * Level 4.0 Axes
 + Level 3.7 Armour
 + Level 3.7 Shields


You had 5 spell levels left.
You didn't know any spells.
Your spell library was empty.

Dungeon Overview and Level Annotations

Branches:
Dungeon (4/15)              Sewer (visited)
 Temple: D:4-7

Altars:
Cheibriados
Dithmenos
Elyvilon
Kikubaaqudgha
Wu Jian
Yredelemnul

Annotations:
D:2 1 runed translucent door, Crazy Yiuf
D:4 2 transporters


Innate Abilities, Weirdness & Mutations

You thrive by killing the living.
You are immune to poison.
You have sharp fingernails.
Your flesh is cold resistant. (rC+)
You are immune to negative energy. (rN+++)
You do not regenerate when monsters are visible.
You are immune to unholy pain and torment.
You can survive without breathing.


Message History

The ogre is severely wounded.
You block the ogre's attack.
You hit the ogre.
The ogre is almost dead.
You block the ogre's attack.
You completely miss the ogre.
The ogre is almost dead.
The ogre hits you with a +0 giant club!
You slash the ogre!
You kill the ogre!
You feel better.
Your Axes skill increases to level 4!
No target in view!
No target in view!
No target in view!
HP restored.
An ogre comes into view. It is wielding a +0 giant club.
The ogre shouts!
An ogre is nearby!
An ogre is nearby!
An ogre is nearby!
The ogre hits you with a +0 giant club!
You slash the ogre!
The ogre is heavily wounded.
The ogre hits you with a +0 giant club!
You are too injured to fight recklessly!
You are too injured to fight recklessly!
You are too injured to fight recklessly!
You are too injured to fight recklessly!
You are too injured to fight recklessly!
You are too injured to fight recklessly!
You are too injured to fight recklessly!
You hit the ogre.
The ogre is severely wounded.
The ogre hits you with a +0 giant club!
* * * LOW HITPOINT WARNING * * *
You hit the ogre.
The ogre is severely wounded.
The ogre hits you with a +0 giant club!
You die...

≈≈.###...'.#.#.#.##..##.##
≈≈. ##..#....#...#.###.#
... #..#...#....#..).##
... #..#8...#..8#.....# .
....###+####..###.#
...............# ###
.....##...##..###
#..##..#.# ##...#####. .#
#. ###O@........#
#....###....#. #.....##
##### #.####. # #. #. .# #


You could see an ogre.

Vanquished Creatures
  An ogre (D:4)
  A bullfrog (D:3)
  6 adders
  5 oozes
  An adder zombie (D:3)
  6 worms
  A dart slug (D:1)
  4 leopard geckos
  2 orcs (D:3)
  4 ball pythons
  10 bats
  6 giant cockroaches
  8 goblins
  9 hobgoblins
  4 jackals (Sewer)
  4 kobolds
  2 quokkas
  6 frilled lizards
  7 rats
87 creatures vanquished.

Notes
Turn   | Place    | Note
-------+----------+-------------------------------------------
     0 | D:1      | Anon1729 the Ghoul Fighter began the quest for the Orb.
     0 | D:1      | Reached XP level 1. HP: 19/19 MP: 0/0
    92 | D:1      | Reached XP level 2. HP: 11/26 MP: 1/1
   615 | D:1      | Reached XP level 3. HP: 29/31 MP: 2/2
  1506 | D:2      | Found an ornate altar of the Wu Jian Council.
  1664 | D:2      | Found an ancient bone altar of Kikubaaqudgha.
  1669 | D:2      | Found a basalt altar of Yredelemnul.
  1670 | D:2      | Found a snail-covered altar of Cheibriados.
  1672 | D:2      | Found a shadowy altar of Dithmenos.
  1902 | D:2      | Found a runed translucent door.
  1903 | D:2      | Noticed Crazy Yiuf
  2048 | D:3      | Reached XP level 4. HP: 40/40 MP: 3/3
  2569 | D:3      | Found a glowing drain.
  2580 | D:3      | Reached XP level 5. HP: 46/46 MP: 4/4
  2602 | Sewer    | Entered a sewer
  3360 | D:3      | Reached XP level 6. HP: 28/53 MP: 5/5
  3599 | D:4      | Found a transporter.
  3599 | D:4      | Found a transporter.
  3729 | D:4      | Slain by an ogre

Illustrated notes

Levels and vault maps discovered:
D:1:      dpeg_arrival_boxorama, layout_loops_ring, minivault_4
D:2:      layout_loops_ring, minitemple, nzn_wu_jian_contemplation,
          roderic_lattice_a, nrook_uturn, elyvilon_altar_5,
          uniq_crazy_yiuf_cottage
D:3:      layout_basic, portal_sewer_entry_b, kennysheep_path_1, st_stairs_6,
          chequers_avenue
D:4:      layout_layer_cave, gammafunk_ghost_gnarly_gnolls, chequers_garden,
          minivault_1

Skill      XL: |  1  2  3  4  5  6 |
---------------+-------------------+-----
Axes           | 2 3 4 |  4.0
Armour         | 3 |  3.7
Shields        | 3 |  3.7
Fighting       | 4 |  4.5

Action                   |  1- 3 |  4- 6 || total
-------------------------+-------+-------++-------
Melee: War axe           |    88 |   188 ||   276
  Use: Potion            |       |     1 ||     1
Armor: Scale mail        |    55 |   121 ||   176
Dodge: Dodged            |    27 |    91 ||   118
Block: Kite shield       |    58 |   116 ||   174

Table legend: (Time is in decaauts)
 A = Elapsed time spent in this place.
 B = Non-inter-level travel time spent in this place.
 C = Inter-level travel time spent in this place.
 D = Time resting spent in this place.
 E = Time spent auto-exploring this place.
 F = Levels seen in this place.
 G = Mean time per level.
                   A        B        C        D        E       F      G
               +--------+--------+--------+--------+--------+-----+--------+
         Total |   4001 |   3840 |    161 |    347 |   2760 |   5 |  800.2 |
       Dungeon |   3396 |   3235 |    161 |    347 |   2325 |   4 |  849.0 |
         Sewer |    604 |    604 |      0 |      0 |    435 |   1 |  604.0 |
               +--------+--------+--------+--------+--------+-----+--------+

Top non-repeatable levels by time:
     D:1: 1199 daAuts
     D:3: 1168 daAuts
     D:2: 895 daAuts
   Sewer: 604 daAuts
     D:4: 133 daAuts
